 Dungeon Crawl Stone Soup version 0.27-a0-1391-g48c30b3128 (webtiles) character file.

Game seed: 10127273473807939950

96 Nattfarinn the Stinger (level 4, -1/24 HPs)
             Began as a Gargoyle Venom Mage on July 1, 2021.
             Slain by a killer bee zombie (5 damage)
             ... on level 4 of the Dungeon.
             The game lasted 00:02:49 (3300 turns).

Nattfarinn the Stinger (Gargoyle Venom Mage)        Turns: 3300, Time: 00:02:49

Health: -1/24      AC:  5    Str: 11    XL:     4   Next: 67%
Magic:  3/7        EV: 12    Int: 17    God:
Gold:   198        SH:  0    Dex: 12    Spells: 4/7 levels left

rFire    . . .     SeeInvis .   e - +0 dagger (holy)
rCold    . . .     Faith    .   (no shield)
rNeg     + . .     Spirit   .   a - +0 robe
rPois    ∞         Reflect  .   (no helmet)
rElec    +         Harm     .   (no cloak)
rCorr    .         Rampage  .   (no gloves)
Will     .....                  (no boots)
Stlth    ++........             (no amulet)
HPRegen  0.08/turn              (no ring)
MPRegen  0.10/turn              (no ring)

@: unable to read, flying
A: sickness immunity, AC +3, negative energy resistance 1, electricity
resistance, torment resistance 1, petrification resistance, big wings, agile 1,
wild magic 1, inability to read while threatened
a: no special abilities


You were on level 4 of the Dungeon.
You visited 1 branch of the dungeon, and saw 4 of its levels.

You collected 198 gold pieces.

Inventory:

Hand Weapons
 e - a +0 dagger of holy wrath (weapon)
Missiles
 g - 8 curare-tipped darts
Armour
 a - a +0 robe (worn)
Magical Staves
 c - a staff of poison
Wands
 n - a wand of flame (17)
Scrolls
 b - 2 scrolls of holy word {unknown}
 d - a scroll of brand weapon {unknown}
 f - a scroll of enchant weapon {unknown}
 h - 2 scrolls of magic mapping {unknown}
 j - a scroll of vulnerability {unknown}
 k - a scroll of identify {unknown}
 m - a scroll of teleportation {unknown}
Potions
 i - a potion of flight {unknown}
 l - a potion of lignification {unknown}


   Skills:
 - Level 1.5 Dodging
 - Level 2.1 Stealth
 * Level 2.0 Spellcasting
 - Level 0.7 Transmutations
 - Level 5.2 Poison Magic


You had 4 spell levels left.
You knew the following spells:

 Your Spells              Type           Power      Damage    Failure   Level
a - Sting                 Tmut/Pois      60%        1d6       9%          1
b - Poisonous Vapours     Pois/Air       26%        N/A       14%         2

Your spell library contained the following spells:

 Spells                   Type           Power      Damage    Failure   Level
 Olgreb's Toxic Radiance  Pois           25%        N/A       30%         4
 Ignite Poison            Fire/Tmut/Pois 11%        N/A       34%         3
 Mephitic Cloud           Conj/Pois/Air  10%        N/A       36%         3


Dungeon Overview and Level Annotations

Branches:
Dungeon (4/15)
 Temple: D:4-7

Altars:
Kikubaaqudgha


Innate Abilities, Weirdness & Mutations

You are immune to sickness and miasma.
Your stone body is resilient. (AC +3)
You are immune to poison.
You resist negative energy. (rN+)
You are resistant to electric shocks. (rElec)
You are resistant to unholy torment.
You are immune to petrification.
Your large and strong wings let you fly.
You are agile. (Dex +2)
Your spells are a little harder to cast, but a little more powerful.
You sometimes lose the ability to read scrolls when taking damage.


Message History

You closely miss the killer bee zombie.
The killer bee zombie is moderately damaged.
The killer bee zombie hits you.
The killer bee zombie barely misses you.
You are too injured to fight recklessly!
You are too injured to fight recklessly!
You are too injured to fight recklessly!
Your +0 dagger of holy wrath softly glows with a divine radiance!
e - a +0 dagger of holy wrath (weapon)
The killer bee zombie hits you.
You feel threatened and lose the ability to read scrolls!
You are too injured to fight recklessly!
You barely miss the killer bee zombie.
The killer bee zombie is moderately damaged.
You can read scrolls again.
The killer bee zombie barely misses you.
The killer bee zombie hits you but does no damage.
You barely miss the killer bee zombie.
The killer bee zombie is moderately damaged.
The killer bee zombie hits you.
You closely miss the killer bee zombie.
The killer bee zombie is moderately damaged.
The killer bee zombie barely misses you.
The killer bee zombie hits you but does no damage.
You hit the killer bee zombie.
The killer bee zombie convulses.
The killer bee zombie is moderately damaged.
The killer bee zombie hits you but does no damage.
The killer bee zombie hits you.
You feel threatened and lose the ability to read scrolls!
* * * LOW HITPOINT WARNING * * *
You hit the killer bee zombie.
The killer bee zombie convulses.
The killer bee zombie is heavily damaged.
You can read scrolls again.
The killer bee zombie closely misses you.
The killer bee zombie hits you but does no damage.
You hit the killer bee zombie but do no damage.
The killer bee zombie is heavily damaged.
The killer bee zombie hits you.
You feel threatened and lose the ability to read scrolls!
You die...

#.... .... .
... .. ... ...
####.## ....
##.##).#....#
#...#...$..).
#....@Z......
#...?....?...
##...........#
#.....[.......
#.<...........
##.#....#.....
..#..........
##..##..##...#
##. .... ..


You could see a killer bee zombie.

Vanquished Creatures
  An orc wizard (D:3)
  An adder (D:3)
  2 dart slugs (D:2)
  2 orcs (D:3)
  4 ball pythons
  2 endoplasms (D:2)
  2 giant cockroaches (D:2)
  7 goblins
  5 hobgoblins
  5 jackals
  5 kobolds
  3 quokkas
  3 bats
  3 frilled lizards
  6 rats
51 creatures vanquished.

Notes
Turn   | Place    | Note
-------+----------+-------------------------------------------
     0 | D:1      | Nattfarinn the Gargoyle Venom Mage began the quest for the
                  | Orb.
     0 | D:1      | Reached XP level 1. HP: 10/10 MP: 3/3
   101 | D:1      | Reached XP level 2. HP: 12/15 MP: 0/5
   871 | D:2      | Reached skill level 4 in Poison Magic
   977 | D:2      | Reached XP level 3. HP: 17/19 MP: 2/6
  1156 | D:2      | Found a faded altar of an unknown god.
  1962 | D:3      | Found an ancient bone altar of Kikubaaqudgha.
  2108 | D:3      | Gained mutation: Your spells are a little harder to cast,
                  | but a little more powerful. [potion of mutation]
  2108 | D:3      | Gained mutation: You sometimes lose the ability to read
                  | scrolls when taking damage. [potion of mutation]
  2108 | D:3      | Gained mutation: You are agile. (Dex +2) [potion of
                  | mutation]
  2108 | D:3      | Gained mutation: Your large and strong wings let you fly.
                  | [potion of mutation]
  2110 | D:3      | Reached skill level 5 in Poison Magic
  2110 | D:3      | Reached XP level 4. HP: 8/24 MP: 3/7
  3213 | D:3      | Learned a level 2 spell: Poisonous Vapours
  3300 | D:4      | Slain by a killer bee zombie

Illustrated notes

Levels and vault maps discovered:
D:1:      dpeg_arrival_tiny_c, layout_rooms
D:2:      layout_basic, hellmonk_ecumenical_altar_dog_temple, minmay_tromino_i2
D:3:      layout_loops_corners, lemuel_zombie_altar_kikubaaqudgha, minivault_5
D:4:      layout_cave_pools, okawaru_ov_weapons_minmay, old_standard_altar,
          led_sif_book

Skill      XL: |  1  2  3 |
---------------+----------+-----
Poison Magic   | 4 5 |  5.2
Dodging        | |  1.5
Stealth        | |  2.1
Spellcasting   | |  2.0
Transmutations | |  0.7

Action                   |  1- 3 |  4- 6 || total
-------------------------+-------+-------++-------
Melee: Unarmed           |     8 |       ||     8
       Staff             |    28 |     3 ||    31
       Dagger            |       |     6 ||     6
 Cast: Sting             |    65 |    20 ||    85
  Use: Potion            |     1 |       ||     1
Armor: Robe              |    20 |     6 ||    26
Dodge: Dodged            |    30 |    13 ||    43

Table legend: (Time is in decaauts)
 A = Elapsed time spent in this place.
 B = Non-inter-level travel time spent in this place.
 C = Inter-level travel time spent in this place.
 D = Time resting spent in this place.
 E = Time spent auto-exploring this place.
 F = Levels seen in this place.
 G = Mean time per level.
                   A        B        C        D        E       F      G
               +--------+--------+--------+--------+--------+-----+--------+
         Total |   3304 |   3190 |    114 |    194 |   2675 |   4 |  826.0 |
       Dungeon |   3304 |   3190 |    114 |    194 |   2675 |   4 |  826.0 |
               +--------+--------+--------+--------+--------+-----+--------+

Top non-repeatable levels by time:
     D:3: 1372 daAuts
     D:2: 1091 daAuts
     D:1: 821 daAuts
     D:4: 19 daAuts
